 Dungeon Crawl Stone Soup version 0.31.0-9-g3a7656b989 (webtiles) character file.

Game seed: 16700156646402531046

307 Peloso the Shield-Bearer (level 6, -5/53 HPs)
             Began as a Minotaur Fighter on Feb 6, 2024.
             Slain by an iguana (10 damage)
             ... on level 4 of the Dungeon.
             The game lasted 00:03:59 (1387 turns).

Peloso the Shield-Bearer (Minotaur Fighter)         Turns: 1387, Time: 00:04:00

Health: -5/53      AC:  7    Str: 20    XL:     6   Next: 16%
Magic:  5/5        EV: 10    Int:  5    God:
Gold:   66         SH:  5    Dex: 12    Spells: 5/5 levels left

rFire   . . .        a - +0 long sword
rCold   . . .        c - +0 buckler
rNeg    . . .        b - +0 scale mail
rPois   .            (helmet restricted)
rElec   .            (no cloak)
rCorr   .            (no gloves)
SInv    .            (no boots)
Will    .....        (no amulet) Stlth
                     (no ring)
HPRegen 0.28/turn    (no ring)
MPRegen 0.09/turn

%: no passive effects
@: no status effects
A: horns 2, retaliatory headbutt
a: no special abilities


You were on level 4 of the Dungeon.
You visited 1 branch of the dungeon, and saw 3 of its levels.

You collected 66 gold pieces.

Inventory:

Hand Weapons
 a - a +0 long sword (weapon)
Armour
 b - a +0 scale mail (worn)
 c - a +0 buckler (worn)
Jewellery
 i - a +6 ring of strength
Scrolls
 g - 3 scrolls of identify
Potions
 d - a potion of might
 h - 2 potions of brilliance


   Skills:
 + Level 4.6 Fighting
 + Level 4.2 Long Blades
 + Level 4.9 Armour
 + Level 2.6 Dodging
 + Level 5.2 Shields


You had 5 spell levels left.
You didn't know any spells.
Your spell library was empty.

Dungeon Overview and Level Annotations

Branches:
Dungeon (4/15)
 Temple: D:4-7

Altars:
Hepliaklqana

Shops:
D:1 *

Portals:
Sewer: D:4


Innate Abilities, Weirdness & Mutations

You have a pair of horns on your head.
You reflexively headbutt those who attack you in melee.


Message History

You furiously retaliate!
You headbutt the gnoll.
Found a glowing drain.
The hobgoblin attacks as it pursues you!
You block the hobgoblin's attack.
The adder hisses angrily.
The gnoll attacks as it pursues you!
The gnoll hits you from afar with a +0 spear.
* * * LOW HITPOINT WARNING * * *
The gnoll attacks as it pursues you! The gnoll hits you with a +0 flail.
* * * LOW HITPOINT WARNING * * *
You hit the gnoll but do no damage. You headbutt the gnoll!
The gnoll is almost dead.
You block the gnoll's attack.
You closely miss the gnoll. You headbutt the gnoll.
You kill the gnoll!
You barely miss the hobgoblin.
The hobgoblin hits you with a +0 dagger.
* * * LOW HITPOINT WARNING * * *
The hobgoblin hits you with a +0 dagger.
* * * LOW HITPOINT WARNING * * *
You hit the hobgoblin.
The hobgoblin is moderately wounded.
You hear the quick rusting of a drain.
The hobgoblin closely misses you. You furiously retaliate!
You headbutt the hobgoblin.
You kill the hobgoblin!
You closely miss the iguana. You headbutt the iguana!
The iguana is severely wounded.
The iguana barely misses you.
The gnoll hits you from afar with a +0 spear!
* * * LOW HITPOINT WARNING * * *
You barely miss the iguana.
The iguana is severely wounded.
You block the iguana's attack.
The gnoll hits you from afar with a +0 spear.
* * * LOW HITPOINT WARNING * * *
You closely miss the iguana.
The iguana is severely wounded.
The iguana bites you!
You die...

#######...........###..
#........#### ###
#........# # #.....#.. #
########.......#. #
...........[..? #
#######....... #.#
#~~~~B#.#..... #.##
+~~∩SB#@##...####..#####
#~~~~B#l# ..............
#######g####............
.......g..l.............
####.....##g............
########....†........
#....>........
#.............
#.....<.......


You could see an iguana, 2 gnolls, an adder and 3 giant cockroaches.

Vanquished Creatures
  A phantom (D:4)
  A gnoll bouda (D:4)
  2 hounds (D:4)
  5 gnolls (D:4)
  3 adders
  2 dart slugs
  An orc (D:4)
  4 endoplasms
  4 giant cockroaches (D:2)
  3 goblins
  4 hobgoblins
  10 jackals
  8 kobolds
  2 quokkas (D:1)
  8 ball pythons
  3 bats
  3 frilled lizards (D:2)
  4 rats
68 creatures vanquished.

Notes
Turn   | Place    | Note
-------+----------+-------------------------------------------
     0 | D:1      | Peloso the Minotaur Fighter began the quest for the Orb.
     0 | D:1      | Reached XP level 1. HP: 19/19 MP: 0/0
    70 | D:1      | Found a faded altar of an unknown god.
   123 | D:1      | Found Esmelibb's General Store.
   208 | D:1      | Reached XP level 2. HP: 24/27 MP: 1/1
   288 | D:1      | Reached skill level 4 in Shields
   749 | D:2      | Reached XP level 3. HP: 31/33 MP: 2/2
   849 | D:2      | Reached skill level 1 in Dodging
   941 | D:2      | You fall into a shaft and drop 2 floors!
   967 | D:4      | Found a hazy altar of Hepliaklqana.
  1005 | D:4      | Reached XP level 4. HP: 17/40 MP: 3/3
  1053 | D:4      | Noticed a phantom
  1064 | D:4      | Killed a phantom
  1065 | D:4      | Reached XP level 5. HP: 6/47 MP: 4/4
  1187 | D:4      | Reached skill level 5 in Shields
  1229 | D:4      | Reached XP level 6. HP: 42/53 MP: 5/5
  1375 | D:4      | Found a glowing drain.
  1387 | D:4      | Slain by an iguana

Illustrated notes

Levels and vault maps discovered:
D:1:      grunt_arrival_crossed_arrows, layout_rooms, serial_shops, shop,
          shapermc_ecumenical_altar_ellora, minmay_vboxes
D:2:      layout_rooms, minmay_pentomino_pile
D:4:      wad_pebble_path, layout_rooms, mainiacjoe_overflow_boulevard,
          gup_sewer_entry_glass, uniq_crazy_yiuf_cottage

Skill      XL: |  1  2  3  4  5 |
---------------+----------------+-----
Fighting       | 4 |  4.6
Shields        | 4 5 |  5.2
Long Blades    | 3 4 |  4.2
Armour         | 4 |  4.9
Dodging        | 1 2 |  2.6

Action                     |  1- 3 |  4- 6 || total
---------------------------+-------+-------++-------
  Melee: Long sword        |   123 |    56 ||   179
         Headbutt          |    20 |    11 ||    31
    Use: Potion            |     2 |     2 ||     4
         Scroll            |       |     3 ||     3
 Armour: Scale mail        |   118 |    55 ||   173
  Dodge: Dodged            |    73 |    39 ||   112
  Block: Buckler           |    44 |    24 ||    68
